 Dungeon Crawl Stone Soup version 0.27.1 (webtiles) character file.

Game seed: 5633529926633087757

1124 nxtlvl the Ruffian (level 8, -3/78 HPs)
             Began as a Troll Abyssal Knight on Sept 4, 2021.
             Was an Elder of Lugonu.
             Slain by a gnoll sergeant (13 damage)
             ... on level 5 of the Dungeon.
             The game lasted 00:14:51 (1824 turns).

nxtlvl the Ruffian (Troll Abyssal Knight)           Turns: 1824, Time: 00:14:52

Health: -3/78      AC:  4    Str: 21    XL:     8   Next: 13%
Magic:  19/19      EV: 10    Int:  8    God:    Lugonu [****..]
Gold:   112        SH:  0    Dex: 11    Spells: 7/7 levels left

rFire    . . .     SeeInvis .     - Unarmed
rCold    . . .     Faith    .   (no shield)
rNeg     . . .     Spirit   .   a - +0 robe
rPois    .         Reflect  .   b - +0 hat {Will+}
rElec    .         Harm     .   (no cloak)
rCorr    .         Rampage  .   (gloves unavailable)
Will     +....                  (boots unavailable)
Stlth    +.........             (no amulet)
HPRegen  1.23/turn              f - ring of magical power
MPRegen  0.16/turn              (no ring)

@: no status effects
A: large, unfitting armour, claws 3, regeneration 1, shaggy fur 1, tough skin 1
a: Renounce Religion, Depart the Abyss, Bend Space, Banish, Corrupt


You were on level 5 of the Dungeon.
You worshipped Lugonu.
Lugonu was greatly pleased with you.
You visited 1 branch of the dungeon, and saw 6 of its levels.
You visited the Abyss 1 time.
You also visited: Sewer.

You collected 268 gold pieces.
You spent 156 gold pieces at shops.

Inventory:

Missiles
 i - 27 poisoned darts (quivered)
 j - 3 curare-tipped darts
 r - 13 sling bullets
Armour
 a - a +0 robe (worn)
 b - a +0 hat of willpower (worn)
Jewellery
 f - a ring of magical power (left claw)
 s - a ring of ice
Scrolls
 d - 5 scrolls of identify {unknown}
 e - a scroll of noise {unknown}
 g - a scroll of blinking {unknown}
 k - 2 scrolls of fear {unknown}
 l - a scroll of enchant weapon {unknown}
 n - a scroll of teleportation {unknown}
 o - a scroll of amnesia {unknown}
Potions
 c - 2 potions of curing
 h - 2 potions of haste {unknown}
 m - 2 potions of flight
 p - a potion of attraction
 q - 2 potions of lignification
 t - a potion of resistance {unknown}


   Skills:
 + Level 4.3 Fighting
 + Level 2.5 Dodging
 * Level 7.4 Unarmed Combat
 + Level 4.1 Invocations


You had 7 spell levels left.
You didn't know any spells.
Your spell library contained the following spells:

 Spells                   Type           Power      Damage    Failure   Level
 Animate Skeleton         Necr           0%         N/A       41%         1
 Pain                     Necr           0%         1d4       41%         1
 Vampiric Draining        Necr           0%         2d6       78%         3


Dungeon Overview and Level Annotations

Branches:
Dungeon (6/15)              Sewer (visited)
 Temple: D:4-7

Altars:
Dithmenos
Gozag
Okawaru

Shops:
D:4 !


Innate Abilities, Weirdness & Mutations

You are too large for most types of armour.
You have claws for hands.
Your natural rate of healing is unusually fast.
You are covered in fur. (AC +1)
You have tough skin. (AC +1)


Message History

You closely miss the gnoll sergeant.
The gnoll sergeant is lightly wounded.
The gnoll sergeant hits you with a +0 spear!
The gnoll hits you from afar with a +0 halberd!
You scratch the gnoll sergeant but do no damage.
The gnoll sergeant is lightly wounded.
The gnoll sergeant hits you with a +0 spear.
The gnoll hits you from afar with a +0 halberd!
Okay, then.
The gnoll sergeant hits you from afar with a +0 spear.
The gnoll sergeant hits you from afar with a +0 spear!
* * * LOW HITPOINT WARNING * * *
The gnoll throws a throwing net.
The throwing net hits you.
You become entangled in the net!
You see here a throwing net.
You tear a large gash into the net.
The gnoll sergeant closely misses you.
You struggle against the net.
The gnoll sergeant hits you from afar with a +0 spear!
* * * LOW HITPOINT WARNING * * *
The gnoll hits you from afar with a +0 halberd!
* * * LOW HITPOINT WARNING * * *
You rip the net and break free!
The gnoll sergeant hits you from afar with a +0 spear!
* * * LOW HITPOINT WARNING * * *
The gnoll barely misses you.
There is a stone staircase leading down here.
The gnoll barely misses you.
The gnoll sergeant hits you from afar with a +0 spear.
* * * LOW HITPOINT WARNING * * *
You climb downwards.
There is a stone staircase leading up here.
The gnoll closely misses you.
You climb upwards.
The gnoll sergeant hits you but does no damage.
There is a stone staircase leading down here.
Unknown command.
The gnoll sergeant hits you from afar with a +0 spear!
* * * LOW HITPOINT WARNING * * *
The gnoll sergeant hits you from afar with a +0 spear!
You die...

# #####..(.........[...... .#
#.......###.##..........
..##.##.#### #.##........(.
#.#.....# ###.###........)
#.#...### #...............
#.#.### #..>g##.........
#.#.## #.g..########...
#....#######g..####### #...
#####.......@g...............
#...[...........<############
#.###............#
.###...........##
#...........†.###
#..##.........# ##
#.........# #.........#
#.........#


You could see a gnoll sergeant and 3 gnolls.

Vanquished Creatures
  A black bear (D:4)
  An ogre (D:3)
  A centaur (D:5)
  6 kobold brigands (Sewer)
  2 scorpions
  A jelly (D:5)
  An iguana (D:5)
  An orc wizard (D:4)
  A hound skeleton (D:5)
  8 adders
  3 gnolls
  2 river rats (D:3)
  4 worms
  3 dart slugs
  12 orcs
  8 ball pythons
  4 bats
  13 endoplasms
  4 giant cockroaches
  6 hobgoblins
  10 kobolds
  4 quokkas
  2 frilled lizards
  5 goblins
  9 rats
112 creatures vanquished.

Notes
Turn   | Place    | Note
-------+----------+-------------------------------------------
     0 | Abyss:1  | nxtlvl the Troll Abyssal Knight began the quest for the
                  | Orb.
     0 | Abyss:1  | Reached XP level 1. HP: 22/22 MP: 1/1
    65 | D:1      | Escaped the Abyss
   141 | D:1      | You fall into a shaft and drop 1 floor!
   141 | D:2      | Found an opulent altar of Gozag.
   174 | D:2      | Reached XP level 2. HP: 29/29 MP: 2/2
   193 | D:3      | Reached skill level 3 in Unarmed Combat
   240 | D:2      | Reached XP level 3. HP: 35/36 MP: 3/3
   289 | D:3      | Reached ** piety under Lugonu
   292 | D:3      | Reached skill level 4 in Unarmed Combat
   431 | D:3      | Found a glowing drain.
   437 | D:3      | Reached XP level 4. HP: 44/44 MP: 4/4
   447 | Sewer    | Entered a sewer
   522 | Sewer    | Noticed a kobold brigand
   545 | Sewer    | Killed a kobold brigand
   546 | Sewer    | Reached XP level 5. HP: 9/52 MP: 5/5
   573 | Sewer    | Reached skill level 5 in Unarmed Combat
   736 | Sewer    | Reached XP level 6. HP: 28/61 MP: 5/7
   817 | Sewer    | Reached skill level 6 in Unarmed Combat
   817 | Sewer    | Reached XP level 7. HP: 62/67 MP: 8/8
   830 | Sewer    | Reached *** piety under Lugonu
  1362 | D:4      | Found Qasapist's Distillery.
  1386 | D:4      | Bought a potion of curing for 39 gold pieces
  1386 | D:4      | Bought a potion of attraction for 39 gold pieces
  1386 | D:4      | Bought a potion of lignification for 39 gold pieces
  1386 | D:4      | Bought a potion of flight for 39 gold pieces
  1564 | D:4      | Found a large runed translucent door.
  1564 | D:4      | Found a large runed translucent door.
  1580 | D:4      | Reached **** piety under Lugonu
  1587 | D:4      | Found an iron altar of Okawaru.
  1604 | D:4      | Found a shadowy altar of Dithmenos.
  1668 | D:5      | Entered Level 5 of the Dungeon
  1701 | D:5      | Reached skill level 7 in Unarmed Combat
  1734 | D:4      | Reached XP level 8. HP: 50/78 MP: 10/10
  1807 | D:5      | HP: 2/78 [gnoll sergeant (10)]
  1824 | D:5      | Slain by a gnoll sergeant

Illustrated notes

Levels and vault maps discovered:
D:1:      ncdulo_watergridlock, layout_loops_corners, serial_forest,
          infiniplex_forest_end_1, infiniplex_forest_end_1,
          infiniplex_forest_lined_1, infiniplex_forest_corner_1,
          infiniplex_forest_lined_corner, infiniplex_forest_lined_3
D:2:      layout_rooms, basic_altar, dk_vineyard_3, st_stairs_3, uniq_jessica,
          uniq_terence
D:3:      minmay_razor_zed, layout_loops_ring, general_overflow_altar, tgw_trog,
          gup_sewer_entry_bubbles
D:4:      layout_basic, jmf_multi_god_temple2, serial_shops, shop_coins,
          grunt_tough_drop
D:5:      minmay_chambers_of_threes, layout_rooms, mainiacjoe_overflow_alcove_4,
          uniq_eustachio
D:6:      lemuel_ice_spiral_2, layout_basic, minmay_temple_entry_large_hall,
          lightli_church_of_beogh

Skill      XL: |  1  2  3  4  5  6  7 |
---------------+----------------------+-----
Unarmed Combat | 3 4 5 6 7 |  7.4
Invocations    | 2 3 4 |  4.1
Fighting       | 3 4 |  4.3
Dodging        | 2 |  2.5

Action                   |  1- 3 |  4- 6 |  7- 9 || total
-------------------------+-------+-------+-------++-------
Melee: Unarmed           |    95 |    75 |   151 ||   321
       Punch             |     1 |     1 |     2 ||     4
Throw: Dart              |       |       |     5 ||     5
 Stab: Sleeping          |       |     1 |       ||     1
Armor: Robe              |    35 |     9 |    38 ||    82
Dodge: Dodged            |    44 |    18 |    59 ||   121
